DALLAS vs NEW YORK I

Created - Monday, November 27, 2017 at 09:07

Goals
1 2 3 T
DALLAS 0 0 0 0
NEW YORK I 1 1 2 4
Shots
1 2 3 T
DALLAS 13 6 8 27
NEW YORK I 9 11 11 31

1st period

1. NEW YORK I , Patrick Maroon 4 (Ryan Strome 4, Sean Monahan 13) at 1:26

Penalties :
Dan Hamhuis (NYI) for Holding (Minor) at 2:30, Radko Gudas (NYI) for Hooking (Minor) at 5:56, Mikko Rantanen (DAL) for Roughing (Minor) at 11:39, Esa Lindell (NYI) for Holding (Minor) at 16:53

2nd period

2. NEW YORK I , Brandon Saad 9 (Radko Gudas 9, Patrick Eaves 10) at 15:00

Penalties :
Jakob Chychrun (DAL) for Slashing (Minor) at 4:28, Jake McCabe (NYI) for Hooking (Minor) at 10:18, Austin Watson (NYI) for Fighting (Major) at 14:22, Kasperi Kapanen (DAL) for Fighting (Major) at 14:22

3rd period

3. NEW YORK I , Logan Couture 10 (Patrick Eaves 11, Radko Gudas 10) at 7:12
4. NEW YORK I , Patrick Eaves 12 (Brandon Saad 13, Logan Couture 18) at 17:59

Penalties :
Logan Couture (NYI) for Hooking (Minor) at 9:10

Goalie Stats

Anders Lindback (DAL), 27 saves from 31 shots - (0.871), L, 4-12-2, 60:00 minutes
Jacob Markstrom (NYI), 27 saves from 27 shots - (1.000), W, 8-3-0, 60:00 minutes

Players Stats for DALLAS

Player Name              G  A  P  +/- PIM S  H  SB GA TA FO     MP     PP MP  PK MP  
------------------------------------------------------------------------------------
Alex Tuch                0  0  0  -1  0   0  2  0  0  0  9/24   20:25   4:20   0:00 
Alexander Radulov        0  0  0  -1  0   5  2  0  0  0  2/4    21:55   4:53   0:57 
Auston Matthews          0  0  0   0  0   1  0  0  0  0  2/3    14:04   0:00   1:23 
Brady Skjei              0  0  0  -1  0   2  5  0  0  0  0/0    23:01   5:17   1:01 
Christian Fischer        0  0  0  -1  0   1  0  0  0  0  0/1     4:21   0:00   0:33 
David Desharnais         0  0  0   0  0   0  0  2  0  0  4/9    12:41   0:00   0:00 
Derrick Pouliot          0  0  0  -2  0   1  0  0  0  0  0/0    20:48   4:32   1:57 
J.T. Brown               0  0  0  -2  0   0  1  0  0  0  1/4     5:35   0:33   0:00 
Jakob Chychrun           0  0  0  -2  2   3  3  0  0  0  0/0    19:55   4:32   1:05 
Johan Franzen            0  0  0   0  0   0  0  1  0  0  0/0     2:01   0:06   1:55 
Kasperi Kapanen          0  0  0  -1  5   2  0  0  0  0  0/1    17:20   5:02   0:00 
Lawson Crouse            0  0  0  -1  0   0  1  0  0  0  0/0     4:29   0:00   0:41 
Mikko Rantanen           0  0  0  -1  2   3  0  0  0  0  0/2    21:17   4:47   0:26 
Nikita Zaitsev           0  0  0  -1  0   3  3  0  0  0  0/0    23:28   5:17   1:03 
Pavel Zacha              0  0  0   0  0   1  1  0  0  0  1/2    14:14   0:00   1:33 
Robert Bortuzzo          0  0  0  -1  0   0  3  0  0  0  0/0    15:43   0:06   0:32 
Travis Konecny           0  0  0  -2  0   1  3  0  0  0  0/2    19:36   5:02   1:01 
Vadim Shipachyov         0  0  0   0  0   0  0  0  0  0  0/0     0:00   0:00   0:00 
Vladimir Sobotka         0  0  0  -2  0   3  0  0  0  0  21/31  19:08   5:02   0:33 
Yohann Auvitu            0  0  0  -1  0   1  0  1  0  0  0/0    15:58   0:06   1:12 

Players Stats for NEW YORK I

Player Name              G  A  P  +/- PIM S  H  SB GA TA FO     MP     PP MP  PK MP  
------------------------------------------------------------------------------------
Austin Watson            0  0  0   0  5   0  2  0  0  0  0/0    10:18   0:00   0:00 
Brandon Saad             1  1  2   3  0   5  1  0  0  0  1/1    21:02   1:12   0:00 
Chris VandeVelde         0  0  0   0  0   0  1  0  0  0  0/1     1:09   0:00   0:00 
Dan Hamhuis              0  0  0   3  2   0  0  0  0  0  0/0    19:04   1:29   3:22 
Esa Lindell              0  0  0   0  2   0  0  3  0  0  0/0    18:26   1:07   0:00 
Jake McCabe              0  0  0   1  2   1  5  0  0  0  0/0    19:36   1:22   3:42 
Jason Garrison           0  0  0   1  0   2  1  0  0  0  0/0    18:32   1:22   2:37 
Johnny Boychuk           0  0  0   0  0   0  1  1  0  0  0/0    24:04   1:07   5:37 
Kyle Clifford            0  0  0   0  0   0  0  0  0  0  1/2     0:56   0:00   0:56 
Logan Couture            1  1  2   3  2   5  0  0  0  0  14/25  19:01   1:54   0:00 
Marcus Foligno           0  0  0   0  0   1  2  0  0  0  1/1    16:03   1:22   3:13 
Mark Letestu             0  0  0   0  0   1  0  0  0  0  11/21  17:10   0:00   5:42 
Max Domi                 0  0  0   0  0   0  0  0  0  0  0/0     0:06   0:00   0:06 
Patrick Eaves            1  2  3   3  0   5  4  0  0  0  0/1    19:02   1:54   0:00 
Patrick Maroon           1  0  1   1  0   2  4  0  0  0  0/1    16:13   1:24   0:00 
Radko Gudas              0  2  2   3  2   1  3  5  0  0  0/0    20:14   1:29   4:32 
Ryan Callahan            0  0  0   0  0   0  0  0  0  0  0/1     9:12   0:00   6:30 
Ryan Strome              0  1  1   1  0   3  1  0  0  0  0/0    16:53   2:04   0:00 
Sam Bennett              0  0  0   0  0   0  0  0  0  0  5/9     6:05   0:00   3:23 
Sean Monahan             0  1  1   1  0   5  0  0  0  0  10/20  16:53   2:04   0:00 

3 Stars

1 - Patrick Eaves (NYI)
2 - Jacob Markstrom (NYI)
3 - Brandon Saad (NYI)

Power Play

DALLAS - 0 on 5 Attempt(s) - 0.00%
NEW YORK I - 0 on 2 Attempt(s) - 0.00%

Penalty Kill

DALLAS - 2 on 2 Attempt(s) - 100.00% - Score 0 goal in Penalty Kill
NEW YORK I - 5 on 5 Attempt(s) - 100.00% - Score 0 goal in Penalty Kill

Team Stat

DALLAS - Hits : 24 - Faceoff Wins : 40 - Blocked Shots : 4 - Penalty Minutes : 9
NEW YORK I - Hits : 25 - Faceoff Wins : 43 - Blocked Shots : 9 - Penalty Minutes : 15

Official

Referees : Unknown
Linesman : Unknown

Game Notes

Austin Watson and Kasperi Kapanen fight to a draw at 14:22 of 2nd period

Finance

Level 1 -- Attendance: 4349 (72.48%) -- Ticket Income $434,900
Level 2 -- Attendance: 4144 (82.88%) -- Ticket Income $248,640
Level 3 -- Attendance: 1968 (98.40%) -- Ticket Income $68,880
Level 4 -- Attendance: 4000 (100.00%) -- Ticket Income $80,000
Luxury Box -- Attendance: 772 (77.20%) -- Ticket Income $154,400
Game was played at the Nassau Coliseum.
Total Attendance: 15233 (84.63%)
Total Ticket Income: $986,820
Total Income: $986,820

DALLAS

5 vs 5 Forward 
   Center                   Left Wing                Right Wing               Time % Phy DF OF 
 1 Alex Tuch                Mikko Rantanen           Alexander Radulov        35     1   2  2  
 2 Vladimir Sobotka         Travis Konecny           Kasperi Kapanen          30     1   2  2  
 3 David Desharnais         Pavel Zacha              Auston Matthews          25     1   2  2  
 4 J.T. Brown               Lawson Crouse            Christian Fischer        10     1   2  2  

5 vs 5 Defense 
   Defense                  Defense                                           Time % Phy DF OF 
 1 Nikita Zaitsev           Brady Skjei                                       35     1   2  2  
 2 Jakob Chychrun           Derrick Pouliot                                   30     1   2  2  
 3 Robert Bortuzzo          Yohann Auvitu                                     25     1   2  2  
 4 Nikita Zaitsev           Brady Skjei                                       10     1   2  2  

PowerPlay Forward 
   Center                   Left Wing                Right Wing               Time % Phy DF OF 
 1 Alex Tuch                Mikko Rantanen           Alexander Radulov        60     1   2  2  
 2 Vladimir Sobotka         Travis Konecny           Kasperi Kapanen          40     1   2  2  

PowerPlay Defense
   Defense                  Defense                                           Time % Phy DF OF 
 1 Nikita Zaitsev           Brady Skjei                                       60     1   2  2  
 2 Jakob Chychrun           Derrick Pouliot                                   40     1   2  2  

Penalty Kill 4 Players Forward 
   Center                   Wing                     Time % Phy DF OF 
 1 Pavel Zacha              Alexander Radulov        60     1   2  2  
 2 Mikko Rantanen           Travis Konecny           40     1   2  2  

Penalty Kill 4 Players Defense
   Defense                  Defense                  Time % Phy DF OF 
 1 Nikita Zaitsev           Brady Skjei              60     1   2  2  
 2 Jakob Chychrun           Derrick Pouliot          40     1   2  2  

Penalty Kill - 3 Players Forward 
   Forward                                           Time % Phy DF OF 
 1 Mikko Rantanen                                    60     1   2  2  
 2 Alexander Radulov                                 40     1   2  2  

Penalty Kill - 3 Players Defense
   Defense                  Defense                  Time % Phy DF OF 
 1 Nikita Zaitsev           Brady Skjei              60     1   2  2  
 2 Jakob Chychrun           Derrick Pouliot          40     1   2  2  

4 vs 4 Forward 
   Center                   Wing                     Time % Phy DF OF 
 1 Alex Tuch                Alexander Radulov        60     1   2  2  
 2 Mikko Rantanen           Travis Konecny           40     1   2  2  

4 vs 4 Defense
   Defense                  Defense                  Time % Phy DF OF 
 1 Nikita Zaitsev           Brady Skjei              60     1   2  2  
 2 Jakob Chychrun           Derrick Pouliot          40     1   2  2  

Last Minutes Offensive
   Center                   Left Wing                Right Wing               Defense                  Defense                  
   Alex Tuch                Mikko Rantanen           Alexander Radulov        Nikita Zaitsev           Brady Skjei              

Last Minutes Defensive
   Center                   Left Wing                Right Wing               Defense                  Defense                  
   Alex Tuch                Mikko Rantanen           Alexander Radulov        Nikita Zaitsev           Brady Skjei              

Goaltenders
Starting : Anders Lindback          
Backup : Andrew Hammond           

Extra Forwards
Normal : J.T. Brown, Alex Tuch, Pavel Zacha - PP : J.T. Brown, Alex Tuch - PK : Pavel Zacha
Extra Defensemen
Normal : Robert Bortuzzo, Yohann Auvitu, Jakob Chychrun - PP : Robert Bortuzzo - PK : Yohann Auvitu, Jakob Chychrun
Penalty Shots
Alex Tuch, Alexander Radulov, Mikko Rantanen, Travis Konecny, Pavel Zacha

Scratches
Timo Meier (Right Hand Injury), Evgeny Dadonov (Healthy), DAL CAP HIT (Suspend), Patrick Holland (Healthy)

NEW YORK I

5 vs 5 Forward 
   Center                   Left Wing                Right Wing               Time % Phy DF OF 
 1 Logan Couture            Brandon Saad             Patrick Eaves            35     1   2  2  
 2 Sean Monahan             Patrick Maroon           Ryan Strome              30     1   2  2  
 3 Mark Letestu             Marcus Foligno           Austin Watson            25     1   2  2  
 4 Sam Bennett              Brandon Saad             Ryan Callahan            10     1   2  2  

5 vs 5 Defense 
   Defense                  Defense                                           Time % Phy DF OF 
 1 Esa Lindell              Johnny Boychuk                                    30     1   2  2  
 2 Dan Hamhuis              Radko Gudas                                       30     1   2  2  
 3 Jake McCabe              Jason Garrison                                    30     1   2  2  
 4 Esa Lindell              Johnny Boychuk                                    10     1   2  2  

PowerPlay Forward 
   Center                   Left Wing                Right Wing               Time % Phy DF OF 
 1 Logan Couture            Patrick Maroon           Patrick Eaves            50     1   2  2  
 2 Sean Monahan             Brandon Saad             Ryan Strome              50     1   2  2  

PowerPlay Defense
   Defense                  Defense                                           Time % Phy DF OF 
 1 Esa Lindell              Johnny Boychuk                                    50     1   2  2  
 2 Radko Gudas              Dan Hamhuis                                       50     1   2  2  

Penalty Kill 4 Players Forward 
   Center                   Wing                     Time % Phy DF OF 
 1 Mark Letestu             Ryan Callahan            60     1   2  2  
 2 Sam Bennett              Marcus Foligno           40     1   2  2  

Penalty Kill 4 Players Defense
   Defense                  Defense                  Time % Phy DF OF 
 1 Radko Gudas              Johnny Boychuk           60     1   2  2  
 2 Jake McCabe              Dan Hamhuis              40     1   2  2  

Penalty Kill - 3 Players Forward 
   Forward                                           Time % Phy DF OF 
 1 Mark Letestu                                      60     1   2  2  
 2 Chris VandeVelde                                  40     1   2  2  

Penalty Kill - 3 Players Defense
   Defense                  Defense                  Time % Phy DF OF 
 1 Radko Gudas              Johnny Boychuk           60     1   2  2  
 2 Jake McCabe              Dan Hamhuis              40     1   2  2  

4 vs 4 Forward 
   Center                   Wing                     Time % Phy DF OF 
 1 Logan Couture            Brandon Saad             60     1   2  2  
 2 Sean Monahan             Patrick Eaves            40     1   2  2  

4 vs 4 Defense
   Defense                  Defense                  Time % Phy DF OF 
 1 Johnny Boychuk           Esa Lindell              60     1   2  2  
 2 Radko Gudas              Dan Hamhuis              40     1   2  2  

Last Minutes Offensive
   Center                   Left Wing                Right Wing               Defense                  Defense                  
   Sean Monahan             Brandon Saad             Patrick Eaves            Esa Lindell              Johnny Boychuk           

Last Minutes Defensive
   Center                   Left Wing                Right Wing               Defense                  Defense                  
   Mark Letestu             Ryan Callahan            Austin Watson            Radko Gudas              Johnny Boychuk           

Goaltenders
Starting : Jacob Markstrom          
Backup : Scott Darling            

Extra Forwards
Normal : Marcus Foligno, Chris VandeVelde, Kyle Clifford - PP : Marcus Foligno, Chris VandeVelde - PK : Kyle Clifford
Extra Defensemen
Normal : Jake McCabe, Jason Garrison, Esa Lindell - PP : Jake McCabe - PK : Jason Garrison, Esa Lindell
Penalty Shots
Sean Monahan, Logan Couture, Patrick Eaves, Brandon Saad, Max Domi

Scratches
NYI CAP HIT (Suspend), Henrik Samuelsson (Healthy), Jyrki Jokipakka (Healthy), Brad Hunt (Healthy), Adam Clendening (Healthy)

% Time on Ice - DALLAS

Lines # - Real PCT - Wanted PCT - Time Play
Normal Forward
1 - 35% - 35% - 16:05
2 - 29% - 30% - 13:33
3 - 28% - 25% - 12:41
4 - 8% - 10% - 3:48
Normal Defense
1 - 35% - 35% - 16:09
2 - 31% - 30% - 14:19
3 - 33% - 25% - 15:05
4 - 1% - 10% - 0:34
PP Forward
1 - 49% - 60% - 4:53
2 - 51% - 40% - 5:02
PP Defense
1 - 54% - 60% - 5:23
2 - 46% - 40% - 4:32
PK Forward
1 - 74% - 60% - 2:57
2 - 26% - 40% - 1:01
PK Defense
1 - 21% - 60% - 0:50
2 - 79% - 40% - 3:08
PK3 Forward
1 - 0% - 60%
2 - 0% - 40%
PK3 Defense
1 - 0% - 60%
2 - 0% - 40%
44 Forward
1 - 0% - 60%
2 - 0% - 40%
44 Defense
1 - 0% - 60%
2 - 0% - 40%
Last Minute Offensive  - 0:00
Last Minute Defensive  - 0:00
Total
Forward - 60:00
Defense - 60:00

% Time on Ice - NEW YORK I

Lines # - Real PCT - Wanted PCT - Time Play
Normal Forward
1 - 37% - 35% - 17:08
2 - 32% - 30% - 14:49
3 - 25% - 25% - 11:28
4 - 6% - 10% - 2:42
Normal Defense
1 - 32% - 30% - 14:32
2 - 31% - 30% - 14:14
3 - 32% - 30% - 14:33
4 - 6% - 10% - 2:48
PP Forward
1 - 48% - 50% - 1:54
2 - 52% - 50% - 2:04
PP Defense
1 - 28% - 50% - 1:07
2 - 72% - 50% - 2:51
PK Forward
1 - 68% - 60% - 6:42
2 - 32% - 40% - 3:13
PK Defense
1 - 57% - 60% - 5:37
2 - 43% - 40% - 4:18
PK3 Forward
1 - 0% - 60%
2 - 0% - 40%
PK3 Defense
1 - 0% - 60%
2 - 0% - 40%
44 Forward
1 - 0% - 60%
2 - 0% - 40%
44 Defense
1 - 0% - 60%
2 - 0% - 40%
Last Minute Offensive  - 0:00
Last Minute Defensive  - 0:00
Total
Forward - 60:00
Defense - 60:00

Play by Play

1st period


0:01 of 1st period - Logan Couture wins face-off versus Alex Tuch in neutral zone.
1:24 of 1st period - Shot by Ryan Strome.
1:24 of 1st period - Stopped by Anders Lindback with a rebound.
1:26 of 1st period - Shot by Ryan Strome.
1:26 of 1st period - Deflect By Patrick Maroon.
1:26 of 1st period - Goal by Patrick Maroon - DALLAS : 0 - NEW YORK I : 1.
1:27 of 1st period - Auston Matthews wins face-off versus Mark Letestu in neutral zone.
2:30 of 1st period - Minor Penalty to Dan Hamhuis for Holding.
2:31 of 1st period - Mark Letestu wins face-off versus Alex Tuch in NEW YORK I zone.
2:39 of 1st period - Alexander Radulov is hit by Radko Gudas and loses puck.
2:48 of 1st period - Shot by Brady Skjei.
2:48 of 1st period - Shot Misses the Net.
2:50 of 1st period - Shot by Alex Tuch.
2:50 of 1st period - Shot Misses the Net.
3:00 of 1st period - Shot by Nikita Zaitsev.
3:00 of 1st period - Shot Misses the Net.
3:02 of 1st period - Shot by Alexander Radulov.
3:02 of 1st period - Stopped by Jacob Markstrom without a rebound.
3:03 of 1st period - Vladimir Sobotka wins face-off versus Sam Bennett in NEW YORK I zone.
3:38 of 1st period - Shot by Vladimir Sobotka.
3:38 of 1st period - Shot Blocked by Radko Gudas.
3:40 of 1st period - Shot by Vladimir Sobotka.
3:40 of 1st period - Shot Blocked by Radko Gudas.
3:42 of 1st period - Shot by Vladimir Sobotka.
3:42 of 1st period - Shot Misses the Net.
3:44 of 1st period - Shot by Vladimir Sobotka.
3:44 of 1st period - Stopped by Jacob Markstrom without a rebound.
3:45 of 1st period - Mark Letestu wins face-off versus Alex Tuch in NEW YORK I zone.
4:12 of 1st period - Shot by Brady Skjei.
4:12 of 1st period - Stopped by Jacob Markstrom without a rebound.
4:13 of 1st period - Vladimir Sobotka wins face-off versus Sam Bennett in NEW YORK I zone.
4:22 of 1st period - Shot by Jakob Chychrun.
4:22 of 1st period - Shot Blocked by Radko Gudas.
4:24 of 1st period - Shot by Jakob Chychrun.
4:24 of 1st period - Shot Misses the Net.
4:26 of 1st period - Shot by Jakob Chychrun.
4:26 of 1st period - Stopped by Jacob Markstrom without a rebound.
4:27 of 1st period - Alex Tuch wins face-off versus Sam Bennett in NEW YORK I zone.
4:34 of 1st period - Shot by Christian Fischer.
4:34 of 1st period - Stopped by Jacob Markstrom without a rebound.
4:35 of 1st period - Alex Tuch wins face-off versus Patrick Maroon in NEW YORK I zone.
4:46 of 1st period - Nikita Zaitsev is hit by Patrick Maroon and loses puck.
4:53 of 1st period - Shot by Sean Monahan.
4:53 of 1st period - Stopped by Anders Lindback with a rebound.
4:55 of 1st period - Shot by Esa Lindell.
4:55 of 1st period - Shot Misses the Net.
5:09 of 1st period - Shot by Patrick Maroon.
5:09 of 1st period - Shot Misses the Net.
5:31 of 1st period - Patrick Eaves is hit by Alex Tuch and loses puck.
5:44 of 1st period - Shot by Patrick Eaves.
5:44 of 1st period - Stopped by Anders Lindback with a rebound.
5:46 of 1st period - Shot by Brandon Saad.
5:46 of 1st period - Shot Misses the Net.
5:50 of 1st period - Shot by Patrick Eaves.
5:50 of 1st period - Stopped by Anders Lindback without a rebound.
5:51 of 1st period - Vladimir Sobotka wins face-off versus Mark Letestu in DALLAS zone.
5:56 of 1st period - Shot by Kasperi Kapanen.
5:56 of 1st period - Stopped by Jacob Markstrom without a rebound.
5:56 of 1st period - Minor Penalty to Radko Gudas for Hooking.
5:57 of 1st period - Vladimir Sobotka wins face-off versus Mark Letestu in NEW YORK I zone.
6:07 of 1st period - Kasperi Kapanen is hit by Jake McCabe and loses puck.
7:07 of 1st period - Shot by Nikita Zaitsev.
7:07 of 1st period - Stopped by Jacob Markstrom with a rebound.
7:58 of 1st period - Icing by Robert Bortuzzo.
7:59 of 1st period - Logan Couture wins face-off versus David Desharnais in DALLAS zone.
8:14 of 1st period - Shot by Patrick Eaves.
8:14 of 1st period - Shot Misses the Net.
8:16 of 1st period - Shot by Patrick Eaves.
8:16 of 1st period - Stopped by Anders Lindback without a rebound.
8:17 of 1st period - Sean Monahan wins face-off versus J.T. Brown in DALLAS zone.
8:22 of 1st period - Shot by Sean Monahan.
8:22 of 1st period - Shot Misses the Net.
8:42 of 1st period - Shot by Sean Monahan.
8:42 of 1st period - Stopped by Anders Lindback without a rebound.
8:43 of 1st period - Alex Tuch wins face-off versus Logan Couture in DALLAS zone.
8:59 of 1st period - Logan Couture is hit by Brady Skjei and loses puck.
9:15 of 1st period - Shot by Logan Couture.
9:15 of 1st period - Stopped by Anders Lindback without a rebound.
9:16 of 1st period - Vladimir Sobotka wins face-off versus Mark Letestu in DALLAS zone.
9:16 of 1st period - Vladimir Sobotka is hit by Austin Watson.
10:05 of 1st period - Auston Matthews is hit by Marcus Foligno and loses puck.
10:49 of 1st period - Johnny Boychuk is hit by Brady Skjei and loses puck.
11:06 of 1st period - Shot by Mikko Rantanen.
11:06 of 1st period - Shot Hit the Post.
11:39 of 1st period - Minor Penalty to Mikko Rantanen for Roughing.
11:40 of 1st period - Sean Monahan wins face-off versus Pavel Zacha in DALLAS zone.
11:51 of 1st period - Shot by Sean Monahan.
11:51 of 1st period - Stopped by Anders Lindback with a rebound.
12:09 of 1st period - Shot by Brandon Saad.
12:09 of 1st period - Shot Misses the Net.
13:52 of 1st period - Shot by Christian Fischer.
13:52 of 1st period - Shot Misses the Net.
14:03 of 1st period - Icing by Radko Gudas.
14:04 of 1st period - Vladimir Sobotka wins face-off versus Sam Bennett in NEW YORK I zone.
14:15 of 1st period - Icing by Radko Gudas.
14:16 of 1st period - Sam Bennett wins face-off versus Alex Tuch in NEW YORK I zone.
14:23 of 1st period - Icing by Radko Gudas.
14:24 of 1st period - Sam Bennett wins face-off versus Vladimir Sobotka in NEW YORK I zone.
16:21 of 1st period - Shot by Mikko Rantanen.
16:21 of 1st period - Stopped by Jacob Markstrom without a rebound.
16:22 of 1st period - Sean Monahan wins face-off versus Christian Fischer in NEW YORK I zone.
16:28 of 1st period - Shot by Derrick Pouliot.
16:28 of 1st period - Stopped by Jacob Markstrom with a rebound.
16:46 of 1st period - Lawson Crouse is hit by Ryan Strome and loses puck.
16:53 of 1st period - Minor Penalty to Esa Lindell for Holding.
16:54 of 1st period - Kyle Clifford wins face-off versus Alexander Radulov in NEW YORK I zone.
17:07 of 1st period - Shot by Alexander Radulov.
17:07 of 1st period - Shot Misses the Net.
17:31 of 1st period - Shot by Mikko Rantanen.
17:31 of 1st period - Deflect By Alexander Radulov.
17:31 of 1st period - Shot Misses the Net.
17:33 of 1st period - Shot by Brady Skjei.
17:33 of 1st period - Stopped by Jacob Markstrom with a rebound.
17:35 of 1st period - Shot by Alexander Radulov.
17:35 of 1st period - Stopped by Jacob Markstrom without a rebound.
17:36 of 1st period - Vladimir Sobotka wins face-off versus Kyle Clifford in NEW YORK I zone.
18:07 of 1st period - Shot by Jakob Chychrun.
18:07 of 1st period - Stopped by Jacob Markstrom without a rebound.
18:08 of 1st period - Mark Letestu wins face-off versus Alex Tuch in NEW YORK I zone.
18:34 of 1st period - Shot by Brady Skjei.
18:34 of 1st period - Shot Misses the Net.
18:52 of 1st period - Radko Gudas is hit by Alexander Radulov and loses puck.
19:08 of 1st period - Shot by Pavel Zacha.
19:08 of 1st period - Stopped by Jacob Markstrom without a rebound.
19:09 of 1st period - Vladimir Sobotka wins face-off versus Sean Monahan in NEW YORK I zone.
19:13 of 1st period - Kasperi Kapanen is hit by Jake McCabe and loses puck.
19:19 of 1st period - Icing by Jason Garrison.
19:20 of 1st period - Auston Matthews wins face-off versus Sean Monahan in NEW YORK I zone.
19:23 of 1st period - Shot by Pavel Zacha.
19:23 of 1st period - Shot Misses the Net.
19:34 of 1st period - Pavel Zacha is hit by Jake McCabe and loses puck.
19:46 of 1st period - Patrick Maroon is hit by Robert Bortuzzo.
Goals for this period are 0 for DALLAS vs 1 for NEW YORK I.
Shots for this period are 13 for DALLAS vs 9 for NEW YORK I.

2nd period


0:01 of 2nd period - Vladimir Sobotka wins face-off versus Logan Couture in neutral zone.
0:07 of 2nd period - Icing by Johnny Boychuk.
0:08 of 2nd period - Vladimir Sobotka wins face-off versus Logan Couture in NEW YORK I zone.
0:15 of 2nd period - Shot by Kasperi Kapanen.
0:15 of 2nd period - Shot Misses the Net.
1:22 of 2nd period - Ryan Strome is hit by Brady Skjei and loses puck.
1:46 of 2nd period - Sean Monahan is hit by Nikita Zaitsev and loses puck.
2:03 of 2nd period - Shot by Mark Letestu.
2:03 of 2nd period - Shot Misses the Net.
2:05 of 2nd period - Shot by Austin Watson.
2:05 of 2nd period - Shot Misses the Net.
2:07 of 2nd period - Shot by Jason Garrison.
2:07 of 2nd period - Stopped by Anders Lindback with a rebound.
2:24 of 2nd period - Mark Letestu is hit by Brady Skjei and loses puck.
2:42 of 2nd period - Icing by Nikita Zaitsev.
2:43 of 2nd period - Sam Bennett wins face-off versus Alex Tuch in DALLAS zone.
2:54 of 2nd period - Shot by Sam Bennett.
2:54 of 2nd period - Shot Misses the Net.
2:59 of 2nd period - Brandon Saad is hit by Brady Skjei.
3:04 of 2nd period - Brandon Saad is hit by Nikita Zaitsev and loses puck.
3:37 of 2nd period - Shot by Pavel Zacha.
3:37 of 2nd period - Shot Blocked by Esa Lindell.
3:47 of 2nd period - Shot by Auston Matthews.
3:47 of 2nd period - Deflect By David Desharnais.
3:47 of 2nd period - Shot Blocked by Esa Lindell.
4:06 of 2nd period - Icing by Auston Matthews.
4:07 of 2nd period - Sean Monahan wins face-off versus David Desharnais in DALLAS zone.
4:27 of 2nd period - Sean Monahan is hit by Jakob Chychrun.
4:28 of 2nd period - Minor Penalty to Jakob Chychrun for Slashing.
4:29 of 2nd period - Pavel Zacha wins face-off versus Logan Couture in DALLAS zone.
4:46 of 2nd period - Shot by Logan Couture.
4:46 of 2nd period - Shot Misses the Net.
4:48 of 2nd period - Shot by Patrick Eaves.
4:48 of 2nd period - Shot Blocked by Johan Franzen.
4:50 of 2nd period - Shot by Radko Gudas.
4:50 of 2nd period - Stopped by Anders Lindback with a rebound.
5:14 of 2nd period - Lawson Crouse is hit by Patrick Maroon and loses puck.
5:25 of 2nd period - Sean Monahan is hit by Lawson Crouse.
6:23 of 2nd period - Shot by Jake McCabe.
6:23 of 2nd period - Stopped by Anders Lindback without a rebound.
6:24 of 2nd period - Alexander Radulov wins face-off versus Sean Monahan in DALLAS zone.
7:22 of 2nd period - J.T. Brown is hit by Radko Gudas and loses puck.
8:03 of 2nd period - Auston Matthews is hit by Radko Gudas and loses puck.
8:18 of 2nd period - Shot by Nikita Zaitsev.
8:18 of 2nd period - Stopped by Jacob Markstrom with a rebound.
8:53 of 2nd period - Icing by Esa Lindell.
8:54 of 2nd period - Logan Couture wins face-off versus Kasperi Kapanen in NEW YORK I zone.
8:54 of 2nd period - Logan Couture is hit by Travis Konecny.
9:07 of 2nd period - Icing by Johnny Boychuk.
9:08 of 2nd period - J.T. Brown wins face-off versus Patrick Eaves in NEW YORK I zone.
9:08 of 2nd period - J.T. Brown is hit by Johnny Boychuk.
9:29 of 2nd period - Patrick Eaves is hit by Nikita Zaitsev and loses puck.
9:52 of 2nd period - Icing by Marcus Foligno.
9:53 of 2nd period - Vladimir Sobotka wins face-off versus Mark Letestu in NEW YORK I zone.
9:54 of 2nd period - Shot by Yohann Auvitu.
9:54 of 2nd period - Stopped by Jacob Markstrom without a rebound.
9:55 of 2nd period - Mark Letestu wins face-off versus Vladimir Sobotka in NEW YORK I zone.
9:55 of 2nd period - Mark Letestu is hit by Travis Konecny.
10:18 of 2nd period - Minor Penalty to Jake McCabe for Hooking.
10:19 of 2nd period - Mark Letestu wins face-off versus Alex Tuch in NEW YORK I zone.
10:25 of 2nd period - Icing by Alexander Radulov.
10:26 of 2nd period - Mark Letestu wins face-off versus Alex Tuch in DALLAS zone.
10:30 of 2nd period - Icing by Alexander Radulov.
10:31 of 2nd period - Mark Letestu wins face-off versus Alex Tuch in DALLAS zone.
11:30 of 2nd period - Shot by Travis Konecny.
11:30 of 2nd period - Stopped by Jacob Markstrom without a rebound.
11:31 of 2nd period - Vladimir Sobotka wins face-off versus Mark Letestu in NEW YORK I zone.
11:52 of 2nd period - Shot by Nikita Zaitsev.
11:52 of 2nd period - Stopped by Jacob Markstrom with a rebound.
12:27 of 2nd period - Auston Matthews is hit by Jake McCabe and loses puck.
12:30 of 2nd period - Shot by Auston Matthews.
12:30 of 2nd period - Shot Misses the Net.
12:42 of 2nd period - Shot by Brandon Saad.
12:42 of 2nd period - Deflect By Logan Couture.
12:42 of 2nd period - Shot Blocked by Yohann Auvitu.
12:45 of 2nd period - Icing by Robert Bortuzzo.
12:46 of 2nd period - Sean Monahan wins face-off versus David Desharnais in DALLAS zone.
12:46 of 2nd period - Sean Monahan is hit by Robert Bortuzzo.
13:02 of 2nd period - Shot by Ryan Strome.
13:02 of 2nd period - Shot Blocked by David Desharnais.
13:04 of 2nd period - Shot by Sean Monahan.
13:04 of 2nd period - Shot Misses the Net.
13:24 of 2nd period - Shot by Sean Monahan.
13:24 of 2nd period - Deflect By Patrick Maroon.
13:24 of 2nd period - Shot Blocked by David Desharnais.
13:26 of 2nd period - Shot by Sean Monahan.
13:26 of 2nd period - Deflect By Patrick Maroon.
13:26 of 2nd period - Stopped by Anders Lindback with a rebound.
13:38 of 2nd period - Icing by Robert Bortuzzo.
13:39 of 2nd period - Logan Couture wins face-off versus David Desharnais in DALLAS zone.
13:42 of 2nd period - Shot by Brandon Saad.
13:42 of 2nd period - Stopped by Anders Lindback without a rebound.
13:43 of 2nd period - Logan Couture wins face-off versus Alexander Radulov in DALLAS zone.
14:05 of 2nd period - Shot by Logan Couture.
14:05 of 2nd period - Stopped by Anders Lindback without a rebound.
14:06 of 2nd period - Vladimir Sobotka wins face-off versus Mark Letestu in DALLAS zone.
14:22 of 2nd period - Austin Watson and Kasperi Kapanen fight to a draw.
14:22 of 2nd period - Penalty to Austin Watson for Fighting.
14:22 of 2nd period - Penalty to Kasperi Kapanen for Fighting.
14:23 of 2nd period - Alex Tuch wins face-off versus Logan Couture in neutral zone.
14:32 of 2nd period - Shot by Mikko Rantanen.
14:32 of 2nd period - Stopped by Jacob Markstrom without a rebound.
14:33 of 2nd period - Logan Couture wins face-off versus Vladimir Sobotka in NEW YORK I zone.
14:38 of 2nd period - Shot by Logan Couture.
14:38 of 2nd period - Stopped by Anders Lindback without a rebound.
14:39 of 2nd period - Logan Couture wins face-off versus Vladimir Sobotka in DALLAS zone.
15:00 of 2nd period - Shot by Brandon Saad.
15:00 of 2nd period - Goal by Brandon Saad - DALLAS : 0 - NEW YORK I : 2.
15:01 of 2nd period - Sean Monahan wins face-off versus Alex Tuch in neutral zone.
15:06 of 2nd period - Shot by Ryan Strome.
15:06 of 2nd period - Stopped by Anders Lindback without a rebound.
15:07 of 2nd period - Alex Tuch wins face-off versus Logan Couture in DALLAS zone.
15:07 of 2nd period - Alex Tuch is hit by Patrick Eaves.
15:12 of 2nd period - Nikita Zaitsev is hit by Patrick Eaves and loses puck.
15:23 of 2nd period - Alexander Radulov is hit by Patrick Eaves and loses puck.
15:43 of 2nd period - Brandon Saad is hit by Alex Tuch and loses puck.
15:52 of 2nd period - Logan Couture is hit by Alexander Radulov.
16:19 of 2nd period - Brandon Saad is hit by Travis Konecny and loses puck.
17:09 of 2nd period - Shot by Sean Monahan.
17:09 of 2nd period - Stopped by Anders Lindback with a rebound.
17:11 of 2nd period - Shot by Jason Garrison.
17:11 of 2nd period - Stopped by Anders Lindback without a rebound.
17:12 of 2nd period - Alex Tuch wins face-off versus Mark Letestu in DALLAS zone.
17:17 of 2nd period - Nikita Zaitsev is hit by Chris VandeVelde and loses puck.
17:35 of 2nd period - Off-side.
17:36 of 2nd period - Sean Monahan wins face-off versus David Desharnais in neutral zone.
17:48 of 2nd period - Robert Bortuzzo is hit by Patrick Maroon and loses puck.
17:53 of 2nd period - Shot by Sean Monahan.
17:53 of 2nd period - Shot Misses the Net.
17:55 of 2nd period - Shot by Sean Monahan.
17:55 of 2nd period - Shot Misses the Net.
18:20 of 2nd period - Icing by Robert Bortuzzo.
18:21 of 2nd period - David Desharnais wins face-off versus Chris VandeVelde in DALLAS zone.
18:28 of 2nd period - Mark Letestu is hit by Pavel Zacha and loses puck.
18:57 of 2nd period - Shot by Mark Letestu.
18:57 of 2nd period - Shot Misses the Net.
19:49 of 2nd period - Shot by Kasperi Kapanen.
19:49 of 2nd period - Stopped by Jacob Markstrom without a rebound.
19:50 of 2nd period - Alexander Radulov wins face-off versus Sean Monahan in NEW YORK I zone.
Goals for this period are 0 for DALLAS vs 1 for NEW YORK I.
Shots for this period are 6 for DALLAS vs 11 for NEW YORK I.

3rd period


0:01 of 3rd period - Brandon Saad wins face-off versus Alex Tuch in neutral zone.
0:03 of 3rd period - Logan Couture is hit by Jakob Chychrun and loses puck.
0:20 of 3rd period - Shot by Alexander Radulov.
0:20 of 3rd period - Stopped by Jacob Markstrom with a rebound.
0:22 of 3rd period - Shot by Alexander Radulov.
0:22 of 3rd period - Stopped by Jacob Markstrom without a rebound.
0:23 of 3rd period - Vladimir Sobotka wins face-off versus Sean Monahan in NEW YORK I zone.
1:56 of 3rd period - Icing by Mikko Rantanen.
1:57 of 3rd period - Mark Letestu wins face-off versus Alex Tuch in DALLAS zone.
2:23 of 3rd period - Icing by Radko Gudas.
2:24 of 3rd period - Marcus Foligno wins face-off versus Travis Konecny in NEW YORK I zone.
2:34 of 3rd period - Brady Skjei is hit by Austin Watson and loses puck.
2:39 of 3rd period - Shot by Mark Letestu.
2:39 of 3rd period - Stopped by Anders Lindback without a rebound.
2:40 of 3rd period - David Desharnais wins face-off versus Logan Couture in DALLAS zone.
3:44 of 3rd period - Shot by Ryan Strome.
3:44 of 3rd period - Stopped by Anders Lindback without a rebound.
3:45 of 3rd period - Sean Monahan wins face-off versus Vladimir Sobotka in DALLAS zone.
6:11 of 3rd period - Shot by Brandon Saad.
6:11 of 3rd period - Stopped by Anders Lindback without a rebound.
6:12 of 3rd period - David Desharnais wins face-off versus Sean Monahan in DALLAS zone.
6:12 of 3rd period - David Desharnais is hit by Patrick Maroon.
6:20 of 3rd period - Shot by Auston Matthews.
6:20 of 3rd period - Stopped by Jacob Markstrom without a rebound.
6:21 of 3rd period - David Desharnais wins face-off versus Logan Couture in NEW YORK I zone.
6:21 of 3rd period - Nikita Zaitsev is hit by Jake McCabe.
6:40 of 3rd period - Shot by Brandon Saad.
6:40 of 3rd period - Stopped by Anders Lindback without a rebound.
6:41 of 3rd period - Vladimir Sobotka wins face-off versus Sean Monahan in DALLAS zone.
6:48 of 3rd period - Shot by Sean Monahan.
6:48 of 3rd period - Stopped by Anders Lindback without a rebound.
6:49 of 3rd period - Logan Couture wins face-off versus Mikko Rantanen in DALLAS zone.
7:04 of 3rd period - Shot by Patrick Eaves.
7:04 of 3rd period - Shot Misses the Net.
7:06 of 3rd period - Shot by Brandon Saad.
7:06 of 3rd period - Shot Misses the Net.
7:08 of 3rd period - Shot by Radko Gudas.
7:08 of 3rd period - Shot Misses the Net.
7:10 of 3rd period - Shot by Patrick Eaves.
7:10 of 3rd period - Shot Misses the Net.
7:12 of 3rd period - Shot by Logan Couture.
7:12 of 3rd period - Goal by Logan Couture - DALLAS : 0 - NEW YORK I : 3.
7:13 of 3rd period - Sean Monahan wins face-off versus Vladimir Sobotka in neutral zone.
7:53 of 3rd period - Icing by Johnny Boychuk.
7:54 of 3rd period - Sean Monahan wins face-off versus Alex Tuch in NEW YORK I zone.
8:02 of 3rd period - Patrick Maroon is hit by Jakob Chychrun and loses puck.
9:09 of 3rd period - Shot by Logan Couture.
9:09 of 3rd period - Deflect By Brandon Saad.
9:09 of 3rd period - Shot Misses the Net.
9:10 of 3rd period - Minor Penalty to Logan Couture for Hooking.
9:11 of 3rd period - Vladimir Sobotka wins face-off versus Mark Letestu in NEW YORK I zone.
9:14 of 3rd period - Shot by Travis Konecny.
9:14 of 3rd period - Deflect By Kasperi Kapanen.
9:14 of 3rd period - Shot Blocked by Radko Gudas.
9:16 of 3rd period - Shot by Brady Skjei.
9:16 of 3rd period - Shot Misses the Net.
9:33 of 3rd period - Icing by Kasperi Kapanen.
9:34 of 3rd period - Mark Letestu wins face-off versus Vladimir Sobotka in DALLAS zone.
9:48 of 3rd period - Off-side.
9:49 of 3rd period - Alex Tuch wins face-off versus Ryan Callahan in neutral zone.
10:13 of 3rd period - Shot by Mikko Rantanen.
10:13 of 3rd period - Stopped by Jacob Markstrom with a rebound.
10:15 of 3rd period - Shot by Jakob Chychrun.
10:15 of 3rd period - Shot Blocked by Radko Gudas.
10:17 of 3rd period - Shot by Alexander Radulov.
10:17 of 3rd period - Stopped by Jacob Markstrom with a rebound.
10:23 of 3rd period - Shot by Alexander Radulov.
10:23 of 3rd period - Deflect By Mikko Rantanen.
10:23 of 3rd period - Shot Blocked by Johnny Boychuk.
10:25 of 3rd period - Shot by Jakob Chychrun.
10:25 of 3rd period - Stopped by Jacob Markstrom without a rebound.
10:26 of 3rd period - Sam Bennett wins face-off versus Travis Konecny in NEW YORK I zone.
10:45 of 3rd period - Icing by Kasperi Kapanen.
10:46 of 3rd period - Vladimir Sobotka wins face-off versus Mark Letestu in DALLAS zone.
10:55 of 3rd period - Shot by Vladimir Sobotka.
10:55 of 3rd period - Shot Misses the Net.
11:05 of 3rd period - Shot by Vladimir Sobotka.
11:05 of 3rd period - Stopped by Jacob Markstrom without a rebound.
11:06 of 3rd period - Sam Bennett wins face-off versus Alex Tuch in NEW YORK I zone.
11:15 of 3rd period - Shot by Logan Couture.
11:15 of 3rd period - Shot Misses the Net.
11:21 of 3rd period - Shot by Patrick Eaves.
11:21 of 3rd period - Stopped by Anders Lindback without a rebound.
11:22 of 3rd period - Alex Tuch wins face-off versus Sean Monahan in DALLAS zone.
11:42 of 3rd period - Icing by Dan Hamhuis.
11:43 of 3rd period - Vladimir Sobotka wins face-off versus Sean Monahan in NEW YORK I zone.
12:07 of 3rd period - Icing by Nikita Zaitsev.
12:08 of 3rd period - Vladimir Sobotka wins face-off versus Logan Couture in DALLAS zone.
12:28 of 3rd period - Shot by Vladimir Sobotka.
12:28 of 3rd period - Stopped by Jacob Markstrom with a rebound.
12:30 of 3rd period - Shot by Brady Skjei.
12:30 of 3rd period - Shot Misses the Net.
12:32 of 3rd period - Shot by Brady Skjei.
12:32 of 3rd period - Shot Blocked by Esa Lindell.
13:01 of 3rd period - Icing by Alexander Radulov.
13:02 of 3rd period - Mark Letestu wins face-off versus Alex Tuch in DALLAS zone.
13:31 of 3rd period - Icing by Alexander Radulov.
13:32 of 3rd period - Alex Tuch wins face-off versus Sean Monahan in DALLAS zone.
13:56 of 3rd period - Off-side.
13:57 of 3rd period - Logan Couture wins face-off versus Vladimir Sobotka in neutral zone.
14:04 of 3rd period - Shot by Logan Couture.
14:04 of 3rd period - Stopped by Anders Lindback without a rebound.
14:05 of 3rd period - Vladimir Sobotka wins face-off versus Logan Couture in DALLAS zone.
14:05 of 3rd period - Nikita Zaitsev is hit by Patrick Eaves and loses puck.
14:13 of 3rd period - Icing by Brady Skjei.
14:14 of 3rd period - Vladimir Sobotka wins face-off versus Logan Couture in DALLAS zone.
14:32 of 3rd period - Icing by Johnny Boychuk.
14:33 of 3rd period - Logan Couture wins face-off versus Mikko Rantanen in NEW YORK I zone.
15:08 of 3rd period - Jakob Chychrun is hit by Brandon Saad and loses puck.
15:19 of 3rd period - Derrick Pouliot is hit by Marcus Foligno and loses puck.
15:32 of 3rd period - Shot by Marcus Foligno.
15:32 of 3rd period - Shot Misses the Net.
15:40 of 3rd period - Shot by Marcus Foligno.
15:40 of 3rd period - Stopped by Anders Lindback with a rebound.
16:20 of 3rd period - Shot by Sean Monahan.
16:20 of 3rd period - Shot Misses the Net.
17:35 of 3rd period - Sean Monahan is hit by Robert Bortuzzo.
17:48 of 3rd period - Off-side.
17:49 of 3rd period - Logan Couture wins face-off versus J.T. Brown in neutral zone.
17:49 of 3rd period - Logan Couture is hit by J.T. Brown.
17:55 of 3rd period - Shot by Brandon Saad.
17:55 of 3rd period - Stopped by Anders Lindback without a rebound.
17:56 of 3rd period - Logan Couture wins face-off versus J.T. Brown in DALLAS zone.
17:59 of 3rd period - Shot by Brandon Saad.
17:59 of 3rd period - Deflect By Patrick Eaves.
17:59 of 3rd period - Goal by Patrick Eaves - DALLAS : 0 - NEW YORK I : 4.
18:00 of 3rd period - Logan Couture wins face-off versus Auston Matthews in neutral zone.
18:11 of 3rd period - Off-side.
18:12 of 3rd period - Mark Letestu wins face-off versus Vladimir Sobotka in neutral zone.
18:16 of 3rd period - Off-side.
18:17 of 3rd period - Logan Couture wins face-off versus Vladimir Sobotka in neutral zone.
18:54 of 3rd period - Travis Konecny is hit by Jason Garrison and loses puck.
Goals for this period are 0 for DALLAS vs 2 for NEW YORK I.
Shots for this period are 8 for DALLAS vs 11 for NEW YORK I.